Map: Eternal Empire LE

Players

PtitDrogo - Winner!

  • Race: Protoss Protoss
  • League: Master
  • Spawn Location: 1:00

SortOf

  • Race: Zerg Zerg
  • League: Grandmaster
  • Spawn Location: 7:00

Event: DreamHack SC2 Masters 2020 Summer Europe

VOD

Have the link to the VOD?

Description

Time

  • Played on: July 8, 2020, 11:55 a.m.
  • Length: 12:42

All games in this series

Show
View Real Time Build Order
Export as new Build Order

PtitDrogo Protoss - Winner!

Build Orders: 1 Gate Expand, Oracle Opening, Archon Immortal 

Get SALT Encoding   

  12  0:00  Probe  
  13  0:12  Probe  
  14  0:20  Pylon  
  14  0:24  Probe  
  15  0:29  Assimilator  
  15  0:34  Probe  
  16  0:42  Probe  
  16  0:45  Gateway  
  17  0:52  Probe  
  18  1:05  Probe  
  19  1:17  Probe  
  20  1:23  Nexus  
  20  1:33  Cybernetics Core  
  20  1:36  Probe  
  21  1:40  Assimilator  
  21  1:48  Probe  
  21  1:51  Pylon  
  22  1:59  Adept  
  22  2:00  Probe  
  23  2:09  Warp Gate  
  23  2:12  Probe  
  26  2:19  Adept, Stargate  
  26  2:24  Probe  
  29  2:32  Probe  
  29  2:37  Probe  
  31  2:40  Probe  
  32  2:49  Stalker, Probe  
  35  2:54  Oracle  
  35  2:55  Probe  
  36  3:01  Probe  
  40  3:07  Probe  
  41  3:13  Probe  
  41  3:19  Probe, Pylon  
  43  3:26  Probe  
  44  3:27  Oracle  
  44  3:28  Gateway  
  44  3:31  Probe  
  45  3:38  Probe  
  49  3:43  Probe  
  50  3:50  Probe  
  50  3:51  Pylon  
  51  3:56  Nexus  
  51  4:04  Oracle  
  51  4:05  Pylon  
  54  4:11  Shield Battery  
  54  4:23  Adept x2  
  58  4:25  Probe  
  58  4:26  Probe  
  58  4:27  Assimilator  
  58  4:28  Assimilator  
  58  4:30  Robotics Facility  
  56  4:34  Gateway  
  56  4:38  Probe x2  
  58  4:45  Forge  
  58  4:48  Twilight Council  
  58  4:50  Probe  
  58  4:51  Probe  
  60  5:02  Probe  
  60  5:03  Probe  
  62  5:09  Probe  
  62  5:12  Probe  
  62  5:13  Gateway  
  63  5:14  Probe  
  63  5:16  Gateway  
  63  5:17  Sentry x2, Probe  
  70  5:21  Protoss Ground Weapons Level 1  
  70  5:23  Observer  
  70  5:25  Probe x3  
  74  5:36  Assimilator, Probe x2  
  74  5:37  Assimilator, Probe  
  74  5:38  Charge  
  77  5:44  Warp Prism  
  77  5:45  Probe  
  77  5:48  Probe  
  77  5:49  Pylon, Probe  
  82  5:53  Probe  
  82  6:00  Probe  
  82  6:01  Probe  
  82  6:02  Gateway  
  82  6:03  Gateway  
  85  6:05  Templar Archives  
  85  6:06  Probe  
  86  6:12  Probe  
  86  6:15  Probe  
  86  6:17  Zealot x2  
  86  6:18  Probe  
  93  6:20  Pylon  
  93  6:22  Pylon  
  93  6:26  Gateway  
  93  6:28  Immortal  
  92  6:34  Psionic Storm  
  92  6:36  Probe  
  97  6:41  Pylon  
  97  6:50  High Templar x3  
  103  6:57  Immortal  
  103  6:58  High Templar, Zealot x2  
  103  7:00  Nexus  
  107  7:03  Pylon  
  107  7:07  Protoss Ground Weapons Level 2  
  107  7:08  Probe x3  
  111  7:17  Pylon  
  111  7:20  Probe x2  
  113  7:23  Gateway  
  113  7:24  Gateway  
  113  7:25  Photon Cannon  
  113  7:26  Adept  
  113  7:27  Immortal, High Templar, Pylon  
  113  7:28  High Templar  
  119  7:30  Unknown  
  123  7:45  Probe  
  123  7:47  Photon Cannon, Shield Battery  
  123  7:50  Zealot x2, Pylon  
  126  7:58  High Templar x2, Zealot  
  132  8:02  Archon  
  130  8:12  Archon x2  
  118  8:18  Zealot x5  
  118  8:19  Zealot x3  
  112  8:30  Zealot x2  
  114  8:38  Zealot x5  
  114  8:39  Immortal  
  114  8:44  Probe x2  
  114  8:48  High Templar x3  
  124  8:57  High Templar x2  
  124  8:59  Sentry, High Templar  
  124  9:00  Zealot x3  
  136  9:03  Archon  
  136  9:05  Protoss Ground Weapons Level 3  
  136  9:07  Immortal, Probe x2  
  136  9:08  Pylon  
  138  9:10  Pylon  
  138  9:23  High Templar x2, Zealot x3  
  138  9:24  Zealot x2  
  154  9:28  Archon  
  154  9:39  Immortal, High Templar x2  
  154  9:43  Archon  
  154  9:49  Zealot x6  
  170  9:57  Zealot x2  
  172  10:04  Probe  
  159  10:11  Zealot x7  
  159  10:13  Immortal  
  171  10:19  High Templar x2  
  179  10:23  Archon  
  179  10:32  High Templar  
  179  10:34  High Templar  
  179  10:35  Zealot x2  
  179  10:42  Zealot x3  
  179  10:45  Immortal  
  179  10:59  Pylon  
  179  11:02  Pylon  
  179  11:03  Zealot x5  
  179  11:04  Pylon  
  179  11:07  Pylon  
  179  11:08  Fleet Beacon  
  175  11:22  Zealot  
  175  11:23  Zealot x2  
  177  11:34  Zealot x3  
  177  11:36  Immortal  
  183  11:40  Zealot x2  
  183  11:49  High Templar  
  183  11:50  High Templar x2  
  183  11:52  Stargate  
  183  11:53  Nexus  
  183  11:54  Pylon  
  183  11:58  Photon Cannon x2, Stargate  
  183  11:59  Photon Cannon  
  183  12:01  High Templar x2  
  183  12:02  Zealot x3  
  183  12:05  Archon  
Show
View Real Time Build Order
Export as new Build Order

SortOf Zerg 

Build Orders: Hatch First 

Get SALT Encoding   

  12  0:00  Drone  
  13  0:12  Overlord  
  13  0:17  Drone  
  14  0:31  Drone x2  
  16  0:48  Hatchery  
  15  0:51  Drone  
  15  0:55  Drone  
  17  0:59  Drone  
  18  1:10  Extractor  
  17  1:13  Spawning Pool  
  17  1:17  Drone  
  17  1:20  Drone  
  18  1:28  Drone  
  19  1:39  Drone  
  20  1:50  Overlord  
  20  2:00  Queen x2  
  24  2:01  Zergling x4  
  26  2:09  Metabolic Boost  
  26  2:12  Drone x2  
  28  2:23  Drone x2  
  30  2:35  Hatchery  
  29  2:37  Drone  
  29  2:40  Drone  
  31  2:44  Overlord  
  31  2:47  Drone  
  32  2:54  Drone x2  
  34  3:02  Queen  
  34  3:05  Zergling x4  
  38  3:11  Spore Crawler  
  38  3:12  Drone x2  
  39  3:15  Drone  
  39  3:18  Drone x2  
  42  3:26  Overlord  
  42  3:30  Overlord  
  42  3:31  Queen  
  43  3:41  Spore Crawler  
  43  3:42  Drone  
  43  3:45  Zergling x2  
  43  3:48  Zergling x4  
  46  3:50  Drone  
  46  3:52  Drone x2  
  49  3:56  Drone x4  
  49  3:58  Queen  
  49  4:00  Overlord  
  49  4:02  Drone  
  56  4:03  Spore Crawler  
  56  4:06  Drone  
  56  4:14  Drone, Spore Crawler  
  55  4:21  Drone x5  
  59  4:24  Drone x2  
  59  4:25  Drone x2  
  59  4:30  Lair  
  59  4:31  Drone x2  
  64  4:36  Extractor  
  64  4:37  Drone  
  64  4:38  Roach Warren  
  63  4:44  Drone x2  
  63  4:45  Overlord x2  
  65  4:49  Evolution Chamber  
  58  5:01  Overlord x2  
  58  5:04  Drone x7  
  58  5:05  Drone x2  
  64  5:08  Drone x2  
  64  5:10  Drone  
  64  5:13  Drone  
  67  5:16  Zerg Missile Weapons Level 1  
  67  5:19  Drone  
  68  5:21  Extractor  
  68  5:23  Drone x2  
  68  5:27  Drone  
  70  5:32  Drone x6  
  70  5:34  Glial Reconstitution  
  76  5:36  Drone x3, Extractor  
  76  5:37  Drone  
  76  5:38  Extractor  
  76  5:40  Extractor  
  76  5:43  Drone  
  76  5:44  Hydralisk Den, Drone x2  
  78  5:51  Roach x2  
  78  5:56  Hatchery  
  80  5:57  Overseer  
  80  6:00  Roach x2  
  84  6:05  Roach x2, Overlord  
  84  6:07  Drone  
  84  6:08  Overlord  
  84  6:11  Overlord  
  89  6:13  Overlord  
  89  6:15  Overlord  
  89  6:19  Overlord  
  89  6:21  Overlord  
  93  6:25  Roach x2  
  93  6:26  Roach x2  
  93  6:32  Roach x3  
  103  6:39  Drone x3  
  107  6:40  Drone x3  
  107  6:41  Roach x2  
  107  6:44  Overlord  
  113  6:55  Roach x3  
  113  6:59  Roach x3  
  123  7:04  Roach x2  
  126  7:08  Roach x2  
  126  7:09  Roach x3  
  126  7:15  Hydralisk x4  
  136  7:19  Overlord  
  144  7:24  Roach x2  
  144  7:25  Overseer  
  158  7:30  Roach x5  
  158  7:32  Ravager  
  158  7:35  Overlord x2  
  159  7:41  Roach x4  
  163  7:46  Ravager x5  
  168  7:57  Roach x8  
  182  8:01  Overlord  
  178  8:06  Roach x4  
  167  8:18  Roach x6  
  157  8:24  Roach  
  157  8:25  Roach x2  
  155  8:33  Roach x4  
  154  8:36  Hydralisk  
  154  8:40  Hydralisk x2  
  135  8:47  Hydralisk  
  135  8:48  Hydralisk x2  
  139  8:55  Roach x4  
  147  9:07  Roach  
  147  9:08  Roach x5  
  159  9:12  Overlord  
  159  9:14  Roach x2  
  163  9:19  Ravager x5  
  163  9:21  Roach x2  
  172  9:29  Roach x5  
  182  9:35  Roach x3  
  188  9:41  Roach x4  
  196  9:50  Roach x2  
  200  10:03  Roach x4  
  198  10:12  Roach x6  
  198  10:19  Ravager  
  198  10:20  Ravager  
  194  10:39  Roach x5  
  182  10:50  Roach x5  
  182  10:51  Roach x9  
  194  10:57  Overseer  
  194  10:58  Roach x3  
  195  11:06  Drone x5  
  195  11:07  Baneling Nest  
  194  11:20  Roach x3  
  194  11:25  Grooved Spines  
  194  11:31  Drone x13  
  187  11:35  Evolution Chamber  
  186  11:41  Overlord x2  
  186  11:42  Overlord x2  
  186  11:44  Overlord  
  176  11:47  Overlord  
  174  11:59  Overlord  
  174  12:05  Hatchery  
  174  12:07  Hydralisk x5  
  183  12:15  Hydralisk x2  
Tags
 
Add a new tag
Caveats
  • Supply blocks, unpowered buildings, or Contaminate may cause inaccurate times.
  • Supply counts are checked every 10 seconds.